 Dungeon Crawl Stone Soup version 0.19.1 (webtiles) character file.

241 Mefis the Magician (level 5, 0/28 HPs)
             Began as a Deep Elf Wizard on Dec 18, 2016.
             Was an Initiate of Sif Muna.
             Slain by Uhlv's ghost (17 damage)
             ... on level 4 of the Dungeon.
             The game lasted 00:10:10 (3853 turns).

Mefis the Magician (Deep Elf Wizard)                Turns: 3853, Time: 00:10:11

Health: 0/28       AC:  5    Str:  1    XL:     5   Next: 80%
Magic:  13/24      EV: 14    Int: 24    God:    Sif Muna [......]
Gold:   124        SH:  3    Dex: 17    Spells: 7 memorised, 1 level left

rFire  . . .     SeeInvis .     w - -1 dagger (curse)
rCold  . . .     Gourm    .     A - +1 robe of the Ecumenical Temple {+Fly rElec Str-3 Dex+4} (curse)
rNeg   . . .     Faith    .     (no shield)
rPois  .         Spirit   .     o - +0 helmet
rElec  +         Reflect  +     (no cloak)
rCorr  .         Harm     .     y - +0 pair of gloves
MR     .....                    (no boots)
Stlth  +++.......               f - +3 amulet of reflection
                                (no ring)
                                r - ring of magical power

@: no status effects
A: no striking features
a: Renounce Religion, Evoke Flight


You were on level 4 of the Dungeon.
You worshipped Sif Muna.
Sif Muna was noncommittal.
You were not hungry.

You visited 2 branches of the dungeon, and saw 5 of its levels.

You collected 124 gold pieces.

Inventory:

Hand Weapons
 v - a +0 dagger
 w - a cursed -1 dagger (weapon)
 D - the +6 short sword "Kolaqot" {flame, Str+2 Int+3, unknown}
   (You took it off an orc wizard on level 4 of the Dungeon)

   It has been specially enchanted to burn those struck by it, causing extra
   injury to most foes and up to half again as much damage against particularly
   susceptible opponents.
   It affects your strength (+2).
   It affects your intelligence (+3).
Missiles
 h - 22 poisoned needles
 C - 26 sling bullets
Armour
 a - a +0 robe
 b - a +0 hat
 o - a +0 helmet (worn)
 y - a +0 pair of gloves (worn)
 A - the cursed +1 robe of the Ecumenical Temple (worn) {+Fly rElec Str-3 Dex+4}
   (You found it on level 4 of the Dungeon)

   It affects your strength (-3).
   It affects your dexterity (+4).
   It insulates you from electricity.
   It lets you fly.
   It has a curse placed upon it.
Jewellery
 f - a +3 amulet of reflection (around neck)
 r - a ring of magical power (left hand)
Scrolls
 g - 3 scrolls of random uselessness {unknown}
 i - 3 scrolls of noise {unknown}
 n - 2 scrolls of enchant armour {unknown}
 s - 2 scrolls of blinking {unknown}
 t - 2 scrolls of amnesia {unknown}
 x - 2 scrolls of teleportation {unknown}
 z - a scroll of fear {unknown}
 B - a scroll of remove curse {unknown}
Potions
 e - 2 potions of cancellation {unknown}
 j - a potion of mutation {unknown}
 l - a potion of might {unknown}
 m - 3 potions of heal wounds {unknown}
 p - a potion of cure mutation {unknown}
 q - 2 potions of curing {unknown}
 u - a potion of degeneration {unknown}
Books
 c - a book of Minor Magic

   Spells                             Type                      Level
   a - Magic Dart                     Conjuration                  1
   b - Blink                          Translocation                2
   c - Call Imp                       Summoning                    2
   d - Repel Missiles                 Charms/Air                   2
   e - Slow                           Hexes                        2
   f - Conjure Flame                  Conjuration/Fire             3
   g - Mephitic Cloud                 Conjuration/Poison/Air       3
Comestibles
 d - a bread ration
 k - a meat ration


   Skills:
 + Level 3.5 Dodging
 + Level 4.2 Stealth
 * Level 6.3 Spellcasting
 + Level 1.9 Conjurations
 + Level 1.1 Hexes
 - Level 1.1 Summonings
 - Level 1.1 Translocations
 + Level 1.5 Air Magic
 + Level 1.3 Poison Magic


You had one spell level left.
You knew the following spells:

 Your Spells              Type           Power        Failure   Level  Hunger
a - Magic Dart            Conj           ###.         3%          1    None
b - Call Imp              Summ           ##......     10%         2    None
c - Blink                 Tloc           N/A          10%         2    None
d - Repel Missiles        Chrm/Air       ##....       12%         2    None
e - Mephitic Cloud        Conj/Pois/Air  ###.....     14%         3    None
f - Conjure Flame         Conj/Fire      ##......     17%         3    None
g - Slow                  Hex            ##......     10%         2    None


Dungeon Overview and Level Annotations

Branches:
Dungeon (4/15)             Temple (1/1) D:4

Altars:
Ashenzari
Cheibriados
Dithmenos
Fedhas
Hepliaklqana
Makhleb
Nemelex Xobeh
Okawaru
Qazlal
Ru
Sif Muna
Trog
Vehumet
Xom
Yredelemnul
Zin
The Shining One

Annotations:
D:3 Uhlv's ghost, amateur TrHu
D:4 Uhlv's ghost, novice TrHu


Message History

Your crimson imp dies!
The worker ant twitches its antennae in your direction.
Really walk into a travel-excluded area?
Uhlv's ghost is engulfed in roaring flames.
Found a meat ration and a robe.
You hit Uhlv's ghost but do no damage.
Uhlv's ghost is severely damaged.
Uhlv's ghost is engulfed in roaring flames.
Uhlv's ghost hits you!
Casting: Call Imp
Confirm with . or Enter, or press ? or * to list all spells.
Aiming: Magic Dart
Press: ? - help, Shift-Dir - straight line, f/p - Uhlv's ghost
Aim: Uhlv's ghost (flame, severely damaged)
The magic dart hits Uhlv's ghost.
Uhlv's ghost is severely damaged.
Uhlv's ghost is engulfed in roaring flames.
Uhlv's ghost hits you!
Ouch! That really hurt!
You die...

.....#. #.##.#.
###.##... §
#...##.## §§
#.#...... ...######
#.####### [...§§§.##
#.# #< %().§§§..#
#.# #.
...a§§W@.#######.###
#.
...#####...........#
#. #.####.##.#<# #.
#.# #.##.#.# ## #.#
#.##.#.# #.#
#......# ..#
####.### ### #.. #..


You could see a worker ant and Uhlv's ghost.

Vanquished Creatures
  A bullfrog skeleton (D:4)
  A hound (D:4)
  An orc wizard (D:4)
  Terence (D:3)
  An iguana (D:4)
  A worker ant (D:4)
  2 adders
  A worm (D:2)
  A dart slug (D:1)
  A leopard gecko (D:2)
  3 orcs
  7 bats
  3 giant cockroaches (D:2)
  8 goblins
  7 hobgoblins
  3 jackals (D:4)
  A quokka (D:2)
  4 frilled lizards
  5 kobolds
  6 rats
58 creatures vanquished.

Vanquished Creatures (collateral kills)
  2 orc wizards (D:3)
  2 orcs (D:3)
4 creatures vanquished.

Vanquished Creatures (others)
  3 orcs (D:4)
3 creatures vanquished.

Grand Total: 65 creatures vanquished

Notes
Turn   | Place    | Note
-------+----------+-------------------------------------------
     0 | D:1      | Mefis the Deep Elf Wizard began the quest for the Orb.
     0 | D:1      | Reached XP level 1. HP: 10/10 MP: 7/7
   680 | D:1      | Reached XP level 2. HP: 15/15 MP: 7/9
   684 | D:1      | Learned a level 2 spell: Call Imp
   687 | D:1      | Learned a level 2 spell: Blink
   690 | D:1      | Learned a level 2 spell: Repel Missiles
  1078 | D:2      | Reached skill level 5 in Spellcasting
  1202 | D:2      | Reached XP level 3. HP: 19/19 MP: 3/11
  1207 | D:2      | Learned a level 3 spell: Mephitic Cloud
  1956 | D:3      | Reached XP level 4. HP: 20/24 MP: 8/13
  1961 | D:3      | Learned a level 3 spell: Conjure Flame
  1997 | D:3      | Found a shadowy altar of Dithmenos.
  2052 | D:3      | Noticed Terence
  2085 | D:3      | Killed Terence
  2085 | D:3      | Reached skill level 1 in Air Magic
  2243 | D:3      | Noticed Uhlv's ghost (amateur TrHu)
  2829 | D:3      | Reached XP level 5. HP: 9/28 MP: 2/15
  2833 | D:3      | Learned a level 2 spell: Slow
  3312 | D:4      | Reached skill level 6 in Spellcasting
  3312 | D:4      | Reached skill level 1 in Poison Magic
  3414 | D:4      | Got a warped robe
  3425 | D:4      | Identified the cursed +1 robe of the Ecumenical Temple {+Fly rElec Str-3 Dex+4} (You found it on level 4 of the Dungeon)
  3473 | D:4      | Reached skill level 1 in Hexes
  3577 | D:4      | Got a scorched short sword {flame}
  3624 | D:4      | Found a staircase to the Ecumenical Temple.
  3629 | Temple   | Entered the Ecumenical Temple
  3678 | Temple   | Became a worshipper of Sif Muna the Loreminder
  3813 | D:4      | Noticed Uhlv's ghost (novice TrHu)
  3853 | D:4      | Slain by Uhlv's ghost

Skill      XL: |  1  2  3  4  5 |
---------------+----------------+-----
Stealth        | 3 4 |  4.2
Spellcasting   | 5 6 |  6.3
Dodging        | 3 |  3.5
Air Magic      | 1 |  1.5
Poison Magic   | 1 |  1.3
Hexes          | 1 |  1.1
Conjurations   | |  1.9
Summonings     | |  1.1
Translocations | |  1.1

Action                   |  1- 3 |  4- 6 || total
-------------------------+-------+-------++-------
Melee: Dagger            |    10 |     8 ||    18
 Cast: Magic Dart        |   106 |    36 ||   142
       Repel Missiles    |     2 |       ||     2
       Call Imp          |       |    17 ||    17
       Conjure Flame     |       |     7 ||     7
       Blink             |       |    12 ||    12
       Mephitic Cloud    |       |     5 ||     5
 Stab: Sleeping          |     1 |     3 ||     4
  Eat: Chunk             |     3 |     3 ||     6
       Bread ration      |       |     1 ||     1
Armor: Robe              |     5 |     3 ||     8
Dodge: Dodged            |    23 |    15 ||    38
       Deflected         |     1 |     1 ||     2
